 Dungeon Crawl Stone Soup version 0.24-a0-537-g2d01d4ab0a (webtiles) character file.

Game seed: 3455807337759445757

61 Norm the Skirmisher (level 4, -1/48 HPs)
             Began as an Ogre Abyssal Knight on Aug 14, 2019.
             Was a Believer of Lugonu.
             Killed from afar by Sigmund (4 damage)
             ... with a puff of flame
             ... on level 2 of the Dungeon.
             The game lasted 00:04:25 (2283 turns).

Norm the Skirmisher (Ogre Abyssal Knight)           Turns: 2283, Time: 00:04:25

Health: -1/48      AC:  3    Str: 14 (16) XL:     4   Next: 7%
Magic:  6/6        EV:  9    Int: 13 (14) God:    Lugonu [**....]
Gold:   89         SH:  0    Dex:  5 (8)  Spells: 3/3 levels left

rFire    . . .     SeeInvis .   a - +1 spear
rCold    . . .     Gourm    .   (no shield)
rNeg     . . .     Faith    .   b - +0 robe
rPois    .         Spirit   .   (helmet restricted)
rElec    .         Reflect  .   (no cloak)
rCorr    .         Harm     .   (gloves unavailable)
MR       .....                  (boots unavailable)
Stlth    +.........             (no amulet)
HPRegen  0.16/turn              (no ring)
MPRegen  0.10/turn              (no ring)

@: no status effects
A: large, unfitting armour, tough skin 1
a: Depart the Abyss, Bend Space, Renounce Religion


You were on level 2 of the Dungeon.
You worshipped Lugonu.
Lugonu was pleased with you.
You were not hungry.

You visited 1 branch of the dungeon, and saw 2 of its levels.
You visited the Abyss 1 time.

You collected 89 gold pieces.

Inventory:

Hand Weapons
 a - a +1 spear (weapon)
Missiles
 g - 3 poisoned darts (quivered)
Armour
 b - a +0 robe (worn)
Scrolls
 d - a scroll of remove curse {unknown}
 f - a scroll of immolation {unknown}
 j - a scroll of identify {unknown}
Comestibles
 c - 2 rations


   Skills:
 - Level 4.0 Fighting
 * Level 3.6 Polearms
 - Level 2.1 Dodging
 + Level 3.0 Invocations


You had 3 spell levels left.
You didn't know any spells.
Your spell library was empty.

Dungeon Overview and Level Annotations

Branches:
Dungeon (2/15)

Altars:

Annotations:
D:2 Sigmund


Innate Abilities, Weirdness & Mutations

You are too large for most types of armour.
You have tough skin. (AC +1)


Message History

Aim: Sigmund, wielding a +4 scythe of protection and wearing a +0 robe (lightly wounded, poisoned)
You throw a poisoned dart. The poisoned dart hits Sigmund.
Sigmund is lightly wounded.
Sigmund gestures at you while chanting. The magic dart hits you!
Throwing (i - inventory)
g - 4 poisoned darts (quivered)
Press: ? - help, Shift-Dir - straight line, f/p - Sigmund
Aim: Sigmund, wielding a +4 scythe of protection and wearing a +0 robe (lightly wounded, poisoned)
You throw a poisoned dart.
The poisoned dart closely misses Sigmund.
Sigmund hits you from afar with a +4 scythe of protection!
* * * LOW HITPOINT WARNING * * *
Unknown command.
Sigmund points at you and mumbles some strange words.
You resist with some effort.
There is a stone staircase leading up, spattered with blood here.
Sigmund looks more healthy.
Sigmund gestures at you while chanting. The puff of flame hits you.
You die...

#.#.######...##..## ##.###.#
#.#.....####.##.(.###...##.#
#.#####.####.##(...#....##.##
#.###.....(.(((.........##...
#..##.#....@..†.......#######
##.#.#.######(##.##....#
#.###..# #<##.##....#
##.#.#.# #.##.#####.# ##.##.#
#@##.# #÷# #.##.# #.##.# #.#
#.##.# #.##.# #.# #.##.#
#.##.# #.. ######.##.# #.#..#
### #......##.######.#.#
.#.######........#.##
###<...........(....#
.#.######.###.).##..######


You could see Sigmund.

Vanquished Creatures
  An adder (D:2)
  2 worms (D:2)
  2 leopard geckos
  2 ball pythons (D:2)
  A giant cockroach (D:2)
  A goblin (D:1)
  8 hobgoblins
  6 jackals
  7 kobolds
  A quokka (D:2)
  4 bats
  4 rats
39 creatures vanquished.

Notes
Turn   | Place    | Note
-------+----------+-------------------------------------------
     0 | Abyss:1  | Norm the Ogre Abyssal Knight began the quest for the Orb.
     0 | Abyss:1  | Reached XP level 1. HP: 24/24 MP: 2/2
    69 | D:1      | Escaped the Abyss
   247 | D:1      | Reached * piety under Lugonu
   247 | D:1      | Reached XP level 2. HP: 32/32 MP: 3/3
   815 | D:2      | Reached XP level 3. HP: 37/39 MP: 4/4
  1086 | D:2      | Noticed Sigmund
  1291 | D:2      | Reached ** piety under Lugonu
  1368 | D:2      | Reached XP level 4. HP: 45/48 MP: 6/6
  2283 | D:2      | Killed from afar by Sigmund

Levels and vault maps discovered:
D:1:      grunt_arrival_crossed_arrows, layout_loops_ring
D:2:      layout_loops_ring, uniq_sigmund

Skill      XL: |  1  2  3 |
---------------+----------+-----
Polearms       | 3 |  3.6
Invocations    | 3 |  3.0
Fighting       | |  4.0
Dodging        | |  2.1

Action                   |  1- 3 |  4- 6 || total
-------------------------+-------+-------++-------
Melee: Spear             |   133 |    29 ||   162
Throw: Dart              |       |    22 ||    22
Invok: Depart the Abyss  |     1 |       ||     1
  Use: Potion            |       |     3 ||     3
 Stab: Sleeping          |     1 |       ||     1
  Eat: Chunk             |     1 |     1 ||     2
       Ration            |       |     1 ||     1
Armor: Robe              |    27 |     6 ||    33
Dodge: Dodged            |    51 |    16 ||    67

Table legend:
 A = Non-vault XP
 B = Vault XP
 C = Vault XP percentage of total XP
 D = Non-vault monster count
 E = Vault monster count
 F = Vault count percentage of total count
                 A         B        C        D         E       F
            +---------+---------+-------+---------+---------+-------
      Total |      88 |       0 |   0.0 |      39 |       0 |   0.0
            +---------+---------+-------+---------+---------+-------
        D:1 |      25 |       0 |   0.0 |      14 |       0 |   0.0
        D:2 |      63 |       0 |   0.0 |      25 |       0 |   0.0
            +---------+---------+-------+---------+---------+-------
